 Dungeon Crawl Stone Soup version 0.27-a0-1586-gd5c625afe7 (webtiles) character file.

Game seed: 4223349949757037276

45 MirrMurr the Skirmisher (level 3, -1/29 HPs)
             Began as a Demonspawn Berserker on July 18, 2021.
             Was a Believer of Trog.
             Slain by an orc wizard (2 damage)
             ... on level 2 of the Dungeon.
             The game lasted 00:03:03 (1449 turns).

MirrMurr the Skirmisher (Demonspawn Berserker)      Turns: 1449, Time: 00:03:04

Health: -1/29      AC:  3    Str: 18    XL:     3   Next: 42%
Magic:  3/3        EV: 12    Int:  8    God:    Trog [**....]
Gold:   0          SH:  0    Dex: 12    Spells: 2/2 levels left

rFire    . . .     SeeInvis .   a - +0 spear (elec)
rCold    . . .     Faith    .   (no shield)
rNeg     . . .     Spirit   .   b - +0 animal skin
rPois    .         Reflect  .   (helmet restricted)
rElec    .         Harm     .   (no cloak)
rCorr    .         Rampage  .   (no gloves)
Will     .....                  h - +0 pair of boots
Stlth    +.........             (no amulet)
HPRegen  0.09/turn              (no ring)
MPRegen  0.08/turn              (no ring)

@: mighty
A: antennae 1, spiny 1
a: Renounce Religion, Berserk, Trog's Hand


You were on level 2 of the Dungeon.
You worshipped Trog.
Trog was pleased with you.
You visited 1 branch of the dungeon, and saw 2 of its levels.

Inventory:

Hand Weapons
 a - a +0 spear of electrocution (weapon)
Missiles
 e - 4 stones
 j - 2 boomerangs (quivered)
 n - 4 silver javelins
Armour
 b - a +0 animal skin (worn)
 h - a +0 pair of boots (worn)
Potions
 d - a potion of haste {unknown}
 i - a potion of attraction {unknown}
 k - a potion of lignification {unknown}


   Skills:
 + Level 3.2 Fighting
 * Level 3.2 Polearms
 + Level 0.3 Throwing
 + Level 2.2 Armour
 + Level 2.2 Dodging


You had 2 spell levels left.
You didn't know any spells.
Your spell library was empty.

Dungeon Overview and Level Annotations

Branches:
Dungeon (2/15)

Altars:


Innate Abilities, Weirdness & Mutations

You have a pair of small antennae on your head.
You are partially covered in sharp spines.


Message History

You are confused.
The orc wizard is struck by your spines.
The orc wizard hits you but does no damage.
You bump into the rock wall.
The orc wizard closely misses you.
You miss the orc wizard.
The orc wizard is moderately wounded.
The orc wizard barely misses you. The rat misses you.
You're too confused to move!
The orc wizard casts a spell at you. The puff of flame hits you.
The rat is struck by your spines.
You kill the rat!
Trog accepts your kill.
You can now call upon Trog for regeneration and willpower.
You feel less confused.
The orc wizard hits you with a +0 dagger.
You see here a +0 short sword.
The orc wizard is struck by your spines.
The orc wizard barely misses you.
You closely miss the orc wizard.
The orc wizard is moderately wounded.
The orc wizard barely misses you.
You closely miss the orc wizard.
The orc wizard is moderately wounded.
The orc wizard gestures at you while chanting.
The puff of flame hits you!
* * * LOW HITPOINT WARNING * * *
You closely miss the orc wizard.
The orc wizard is moderately wounded.
The orc wizard hits you with a +0 dagger.
* * * LOW HITPOINT WARNING * * *
You closely miss the orc wizard.
The orc wizard is moderately wounded.
The orc wizard hits you but does no damage.
You closely miss the orc wizard.
The orc wizard is moderately wounded.
The orc wizard closely misses you.
You feel very mighty all of a sudden.
The orc wizard is struck by your spines.
The orc wizard hits you with a +0 dagger.
You die...

#..........#
#..........#
#..........#
#..........# #)#
...#####.#####.#
........†.....>#
.#.####.o#######
#.####)@# #
#.....).#
#.#.####.##
####.#.####.######
.<.................
.##.#..###.#######
##.###.#
#..##.#######
##.#........#


You could see an orc wizard.

Vanquished Creatures
  An adder (D:2)
  A worm (D:2)
  A dart slug (D:1)
  2 orcs (D:2)
  3 endoplasms
  3 giant cockroaches (D:1)
  A goblin (D:1)
  2 hobgoblins (D:1)
  2 quokkas
  3 ball pythons
  2 bats (D:1)
  3 frilled lizards
  A kobold (D:2)
  3 rats
28 creatures vanquished.

Notes
Turn   | Place    | Note
-------+----------+-------------------------------------------
     0 | D:1      | MirrMurr the Demonspawn Berserker began the quest for the
                  | Orb.
     0 | D:1      | Reached XP level 1. HP: 18/18 MP: 1/1
   234 | D:1      | HP: 1/27 [quokka (3)]
   678 | D:1      | Gained mutation: You are partially covered in sharp spines.
                  | [demonic ancestry]
   678 | D:1      | Reached XP level 2. HP: 24/24 MP: 2/2
  1400 | D:2      | Gained mutation: You have a pair of small antennae on your
                  | head. [demonic ancestry]
  1400 | D:2      | Reached XP level 3. HP: 29/29 MP: 3/3
  1441 | D:2      | Reached ** piety under Trog
  1446 | D:2      | HP: 1/29 [orc wizard (2)]
  1449 | D:2      | Slain by an orc wizard

Illustrated notes

Levels and vault maps discovered:
D:1:      psy_arrival_radial02, layout_basic
D:2:      layout_basic, minmay_close_crescents, uniq_natasha

Skill      XL: |  1  2 |
---------------+-------+-----
Armour         | 2 |  2.2
Dodging        | 2 |  2.2
Polearms       | 3 |  3.2
Fighting       | |  3.2
Throwing       | |  0.3

Action                   || total
-------------------------++-------
Melee: Spear             ||    89
Invok: Berserk           ||     1
  Use: Scroll            ||     6
       Potion            ||     1
 Stab: Sleeping          ||     2
Armor: Animal skin       ||    10
Dodge: Dodged            ||    40

Table legend: (Time is in decaauts)
 A = Elapsed time spent in this place.
 B = Non-inter-level travel time spent in this place.
 C = Inter-level travel time spent in this place.
 D = Time resting spent in this place.
 E = Time spent auto-exploring this place.
 F = Levels seen in this place.
 G = Mean time per level.
                   A        B        C        D        E       F      G
               +--------+--------+--------+--------+--------+-----+--------+
         Total |   1458 |   1362 |     96 |     52 |   1057 |   2 |  729.0 |
       Dungeon |   1458 |   1362 |     96 |     52 |   1057 |   2 |  729.0 |
               +--------+--------+--------+--------+--------+-----+--------+

Top non-repeatable levels by time:
     D:1: 1276 daAuts
     D:2: 182 daAuts
